 Dungeon Crawl Stone Soup version 0.20.1-1-g8b1a95d (webtiles) character file.

65 vallasvow the Cudgeler (level 3, 36/36 HPs)
             Began as a Troll Berserker on Oct 25, 2017.
             Was a Believer of Trog.
             Got out of the dungeon alive.
             The game lasted 00:11:31 (1759 turns).

vallasvow the Cudgeler (Troll Berserker)            Turns: 1759, Time: 00:11:32

Health: 36/36      AC:  5    Str: 26    XL:     3   Next: 92%
Magic:  2/2        EV: 10    Int:  3    God:    Trog [**....]
Gold:   134        SH:  0    Dex:  9    Spells: 2/2 levels left

rFire    . . .     SeeInvis .   a - +0 mace
rCold    . . .     Gourm    +   (no shield)
rNeg     . . .     Faith    .   b - +0 animal skin
rPois    .         Spirit   .   (helmet restricted)
rElec    .         Reflect  .   (no cloak)
rCorr    .         Harm     .   (gloves unavailable)
MR       .....                  (boots unavailable)
Stlth    +.........             l - amulet of the gourmand
Regen    0.6/turn               (no ring)
MPRegen  0.1/turn               (no ring)

@: no status effects
A: unfitting armour, claws 3, fast metabolism 3, gourmand, regeneration 1,
shaggy fur 1, tough skin 2
a: Berserk, Trog's Hand, Burn Spellbooks, Renounce Religion


You escaped.
You worshipped Trog.
Trog was pleased with you.
You were very full.

You visited 1 branch of the dungeon, and saw 2 of its levels.

You collected 134 gold pieces.

Inventory:

Hand Weapons
 a - a +0 mace (weapon)
 o - a +2 dagger of protection
 s - a +0 dagger
 t - a +0 hunting sling
Armour
 b - a +0 animal skin (worn)
Jewellery
 l - an amulet of the gourmand (around neck)
Scrolls
 d - a scroll of teleportation
 e - a scroll of enchant armour {unknown}
 h - 3 scrolls of identify
 i - a scroll of remove curse
 n - a scroll of blinking {unknown}
Potions
 f - a potion of curing
 j - a potion of brilliance {unknown}
 m - a potion of flight {unknown}
 r - a potion of cancellation {unknown}
Comestibles
 c - 4 bread rations
 k - 3 fruits
 q - a meat ration


   Skills:
 + Level 2.7 Fighting
 + Level 3.4 Maces & Flails
 * Level 1.2 Armour
 + Level 2.7 Dodging


You had 2 spell levels left.
You didn't know any spells.

Dungeon Overview and Level Annotations

Branches:
Dungeon (2/15)

Altars:
Sif Muna


Innate Abilities, Weirdness & Mutations

You are too large for most types of armour.
You have claws for hands.
Your metabolism is lightning-fast.
You like to eat raw meat.
Your natural rate of healing is unusually fast.
You are covered in fur. (AC +1)
You have very tough skin. (AC +2)


Message History

You hit the plant but do no damage.
The plant is heavily damaged.
You sock the plant!
The plant is severely damaged.
You hit the plant.
The plant is severely damaged.
You thump the plant!
The plant is almost destroyed.
You hit the plant but do no damage.
The plant is almost destroyed.
You hit the plant but do no damage.
The plant is almost destroyed.
You sock the plant!
The plant is almost destroyed.
You sock the plant!
You destroy the plant!
There is a staircase leading out of the dungeon here.
Unknown command.
Are you sure you want to leave the Dungeon?
This will make you lose the game!
You have escaped!

.##......###.####
###.............##
###.###.##.#...########
#...#P.............P#
########≈P...........P≈# ##...#
#≈≈P.........P≈≈######### .....#
#≈≈≈P.......P≈≈≈#.......#
##.#.####≈≈≈≈P.....P≈≈≈≈#.#####.#
#.###...#≈≈≈≈≈..@.P≈≈≈≈≈#....##.#
##.#..###≈≈≈≈P.....P≈≈≈≈#.##.....
##....##≈≈≈P.......P≈≈≈#.#####.#
##...##≈≈P.........P≈≈#.####.#.
#...##≈P...........P≈#.....###
#...##P.............P####.## #
#...######........#### #.## #
#...# #...##...#######.## #
####...######...##...##.....#.###


There were no monsters in sight!

Vanquished Creatures
  An adder (D:2)
  2 oozes
  2 worms (D:2)
  A dart slug (D:1)
  A leopard gecko (D:1)
  4 bats
  3 giant cockroaches
  6 goblins
  3 hobgoblins
  2 quokkas (D:2)
  4 frilled lizards
  5 kobolds
  4 rats
  A plant (D:1)
39 creatures vanquished.

Notes
Turn   | Place    | Note
-------+----------+-------------------------------------------
     0 | D:1      | vallasvow the Troll Berserker began the quest for the Orb.
     0 | D:1      | Reached XP level 1. HP: 22/22 MP: 0/0
   518 | D:1      | Reached skill level 3 in Maces & Flails
   518 | D:1      | Reached XP level 2. HP: 27/29 MP: 1/1
  1006 | D:2      | Reached XP level 3. HP: 35/36 MP: 2/2
  1058 | D:2      | Reached ** piety under Trog
  1327 | D:2      | Reached skill level 1 in Armour
  1572 | D:2      | Found a deep blue altar of Sif Muna.
  1759 | D:$      | Got out of the dungeon alive.

Skill      XL: |  1  2  3 |
---------------+----------+-----
Maces & Flails | 3 |  3.4
Armour         | 1 |  1.2
Fighting       | |  2.7
Dodging        | |  2.7

Action                   || total
-------------------------++-------
Melee: Mace              ||   143
Invok: Berserk           ||     1
  Use: Scroll            ||     3
  Eat: Chunk             ||    22
Armor: Animal skin       ||    59
Dodge: Dodged            ||    91
